 Dungeon Crawl Stone Soup version 0.28-a0-751-gef3a642a4e (webtiles) character file.

Game seed: 15579635765983389117

1 spiderkeys the Skirmisher (level 1, -2/14 HPs)
             Began as a Gargoyle Abyssal Knight on Oct 31, 2021.
             Was an Initiate of Lugonu.
             Slain by a kobold (4 damage)
             ... on level 1 of the Dungeon.
             The game lasted 00:01:38 (393 turns).

spiderkeys the Skirmisher (Gargoyle Abyssal Knight)  Turns: 393, Time: 00:01:39

Health: -2/14      AC:  5    Str: 16    XL:     1   Next: 20%
Magic:  2/2        EV: 11    Int: 10    God:    Lugonu [......]
Gold:   46         SH:  0    Dex: 10    Spells: 0/0 levels left

rFire   . . .      SeeInvis .   a - +1 mace
rCold   . . .      Faith    .   (no shield)
rNeg    + . .      Spirit   .   b - +0 leather armour
rPois   ∞          Reflect  .   (no helmet)
rElec   +          Harm     .   (no cloak)
rCorr   .          Rampage  .   (no gloves)
Will    .....                   (no boots)
Stlth   +.........              (no amulet)
HPRegen 0.04/turn               (no ring)
MPRegen 0.08/turn               (no ring)

@: no status effects
A: sickness immunity, AC +2, negative energy resistance 1, electricity
resistance, torment resistance 1, petrification resistance
a: Renounce Religion


You were on level 1 of the Dungeon.
You worshipped Lugonu.
Lugonu was noncommittal.
You visited 1 branch of the dungeon, and saw 1 of its levels.
You visited the Abyss 1 time.

You collected 46 gold pieces.


Innate Abilities, Weirdness & Mutations

You are immune to sickness and miasma.
Your stone body is resilient. (AC +2)
You are immune to poison.
You resist negative energy. (rN+)
You are resistant to electric shocks. (rElec)
You are resistant to unholy torment.
You are immune to petrification.


   Skills:
 + Level 3.3 Fighting
 + Level 2.0 Maces & Flails
 + Level 2.2 Armour
 - Level 0.7 Dodging
 + Level 2.0 Invocations
 + Level 0.0 Evocations


You couldn't memorise any spells.
You didn't know any spells.
Your spell library was empty.

Inventory:

Hand Weapons
 a - a +1 mace (weapon)
Armour
 b - a +0 leather armour (worn)
Wands
 d - a wand of iceblast (10)
   (You found it on level 2 of the Abyss)
Scrolls
 c - a scroll of acquirement {unknown}
 e - a scroll of blinking {unknown}

Dungeon Overview and Level Annotations

Branches:
Dungeon (1/15)

Altars:

#. ### .#
... .. ... .
...?
.###.###
##$#.... #
#)w!#..#.# #
#K###.#.#..#
##@#........
#..†..#
#...###.#
#### #.#
#######.#
........#
.#####''###
#.......#
#..≈≈.♣.#


You could see a dart slug and a kobold.


Message History

There is an open door here.
There is a gateway leading out of the Abyss here.
You open the door.
There is an open door here.
A worldbinder comes into view.
The worldbinder calls forth creatures from the Shoals!
Aiming: Iceblast
Press: ? - help, Shift-Dir - straight line, f - worldbinder
Aim: a worldbinder The mass of ice explodes!
The iceblast engulfs the worldbinder but does no damage.
The worldbinder calls forth creatures from the Shoals!
Aiming: Iceblast
Press: ? - help, Shift-Dir - straight line, f - manticore, p - worldbinder
Aim: a manticore (summoned)
The mass of ice explodes!
The iceblast engulfs the manticore!
The iceblast engulfs the worldbinder.
The iceblast engulfs the manticore!
The manticore flicks its tail.
The volley of spikes hits you!
The barbed spikes become lodged in your body.
Ouch! That really hurt!
* * * LOW HITPOINT WARNING * * *
😨 HP[-10]
You take 10 damage, and now have 4/14 hp.
MASSIVE DAMAGE!! (PAUSE)
Aiming: Iceblast
Press: ? - help, Shift-Dir - straight line, f/p - manticore
Aim: a manticore (lightly wounded, summoned)
The mass of ice explodes!
The iceblast engulfs the manticore!
The iceblast engulfs the worldbinder!
The merfolk aquamancer mumbles some strange words.
The merfolk aquamancer blinks!
Unknown command.
Aiming: Iceblast
Press: ? - help, Shift-Dir - straight line, f/p - manticore
Aim: a manticore (moderately wounded, summoned)
Okay, then.
Okay, then.
You pass through the gate.
You can no longer depart the Abyss at will.
There is a staircase leading out of the dungeon here. 😨 MP[-1]
You lost 1 mp, and now have 1/2 mp.
You carefully extract the barbed spikes from your body.
You enter the shallow water.
Moving in this stuff is going to be slow.
You enter the shallow water.
Moving in this stuff is going to be slow.
e - a scroll labelled EDY AMETAXKOAS 😎 HP[+10] MP[+1]
Your hp is fully restored (14).
Your mp is fully restored (2).
You open the large door.
There is a large open door here.
A dart slug comes into view.
A dart slug is nearby!
A dart slug is nearby!
A quokka comes into view.
You miss the quokka. The quokka closely misses you.
You hit the quokka. The quokka barely misses you.
The quokka bites you but does no damage.
You hit the quokka.
You kill the quokka!
Lugonu accepts your kill.
No target in view!
No target in view!
No target in view!
You see here a quokka corpse.
A kobold comes into view. It is wielding a +0 whip.
The kobold shouts!
A kobold comes into view. It is wielding a +0 short sword.
The kobold shouts!
The kobold closely misses you.
You see here a ring of protection from cold.
You miss the kobold.
The kobold hits you with a +0 short sword.
The kobold closely misses you. 😕 HP[-1]
You take 1 damage, and now have 13/14 hp.
You hit the kobold. The kobold hits you but does no damage.
The kobold hits you with a +0 whip. The dart slug barely misses you.
The kobold hits you but does no damage. The kobold hits you with a +0 whip.
* * * LOW HITPOINT WARNING * * *
😨 HP[-7]
You take 7 damage, and now have 6/14 hp.
MASSIVE DAMAGE!! (PAUSE)
You closely miss the kobold.
The kobold hits you with a +0 short sword.
* * * LOW HITPOINT WARNING * * *
😨 HP[-2]
You take 2 damage, and now have 4/14 hp.
You barely miss the kobold.
The kobold hits you with a +0 short sword.
* * * LOW HITPOINT WARNING * * *
😱 HP[-2]
You take 2 damage, and now have 2/14 hp.
You thump the kobold!
You kill the kobold!
Lugonu accepts your kill. The kobold hits you with a +0 whip.
You die...

Action                   || total
-------------------------++-------
Melee: Mace              ||     8
Invok: Depart the Abyss  ||     1
Evoke: Wand              ||     3
Armor: Leather armour    ||     3
Dodge: Dodged            ||     5

Levels and vault maps discovered:
D:1:      lightli_arrival_windingriver, layout_basic,
          hellmonk_ecumenical_altar_zigzags, minmay_misc_feat_encased,
          hangedman_decor_push, minmay_pentomino_x4

Notes
Turn   | Place    | Note
-------+----------+-------------------------------------------
     0 | Abyss:1  | spiderkeys the Gargoyle Abyssal Knight began the quest for
                  | the Orb.
     0 | Abyss:1  | Reached XP level 1. HP: 14/14 MP: 2/2
     0 | Abyss:1  | magus.rc [v1.9.10]
   115 | Abyss:3  | Noticed a worldbinder
   117 | Abyss:3  | Noticed a manticore
   118 | Abyss:3  | Noticed a manticore
   118 | Abyss:3  | Noticed a merfolk aquamancer
   120 | D:1      | You pass through the gate.
   120 | D:1      | Escaped the Abyss
   392 | D:1      | HP: 2/14 [kobold (2)]
   393 | D:1      | Slain by a kobold

Vanquished Creatures
  A kobold (D:1)
  A quokka (D:1)
2 creatures vanquished.

Table legend:
 A = Non-vault XP
 B = Vault XP
 C = Vault XP percentage of total XP
 D = Non-vault monster count
 E = Vault monster count
 F = Vault count percentage of total count
                 A         B        C        D         E       F
            +---------+---------+-------+---------+---------+-------
      Total |       0 |       4 | 100.0 |       0 |       2 | 100.0
            +---------+---------+-------+---------+---------+-------
        D:1 |       0 |       4 | 100.0 |       0 |       2 | 100.0
            +---------+---------+-------+---------+---------+-------

Illustrated notes

Table legend:
 A = Kills in this place as a percentage of kills in entire the game.
 B = Kills by you in this place as a percentage of kills by you in the entire game.
 C = Kills by friends in this place as a percentage of kills by friends in the entire game.
 D = Other kills in this place as a percentage of other kills in the entire game.
 E = Experience gained in this place as a percentage of experience gained in the entire game.
 F = Experience gained in this place divided by the number of levels of this place that you have seen.
                   A       B       C       D       E      F
               +-------+-------+-------+-------+-------+----------------------
         Total | 100.0 | 100.0 |   N/A |   N/A | 100.0 |   1.0
       Dungeon | 100.0 | 100.0 |   N/A |   N/A | 100.0 |   4.0
               +-------+-------+-------+-------+-------+----------------------

Table legend: (Time is in decaauts)
 A = Elapsed time spent in this place.
 B = Non-inter-level travel time spent in this place.
 C = Inter-level travel time spent in this place.
 D = Time resting spent in this place.
 E = Time spent auto-exploring this place.
 F = Levels seen in this place.
 G = Mean time per level.
                   A        B        C        D        E       F      G
               +--------+--------+--------+--------+--------+-----+--------+
         Total |    396 |    396 |      0 |      0 |    260 |   4 |   99.0 |
       Dungeon |    276 |    276 |      0 |      0 |    259 |   1 |  276.0 |
         Abyss |    119 |    119 |      0 |      0 |      1 |   3 |   39.7 |
               +--------+--------+--------+--------+--------+-----+--------+

Top non-repeatable levels by time:
     D:1: 276 daAuts
 Abyss:2: 55 daAuts
 Abyss:3: 43 daAuts
 Abyss:1: 20 daAuts
